 Dungeon Crawl Stone Soup version 0.29-a0-275-g389c0b56f3 (webtiles) character file.

Game seed: 14674767177808103963

70 jimonade the Digger (level 4, -4/25 HPs)
             Began as a Gargoyle Earth Elementalist on Mar 11, 2022.
             Slain by an ogre
             ... wielding a +0 giant club
              (15 damage)
             ... on level 3 of the Dungeon.
             The game lasted 00:09:59 (2683 turns).

jimonade the Digger (Gargoyle Earth Elementalist)   Turns: 2683, Time: 00:09:59

Health: -4/25      AC:  5    Str: 12    XL:     4   Next: 21%
Magic:  6/8        EV: 11    Int: 17    God:
Gold:   143        SH:  0    Dex: 10    Spells: 7/8 levels left

rFire   . . .      SeeInvis .   k - +1 spear (vorpal)
rCold   . . .      Faith    .   (no shield)
rNeg    + . .      Spirit   .   b - +0 robe
rPois   ∞          Reflect  .   (no helmet)
rElec   +          Harm     .   (no cloak)
rCorr   .          Rampage  .   (no gloves)
Will    .....                   (no boots)
Stlth   ++........              (no amulet)
HPRegen 0.08/turn               (no ring)
MPRegen 0.11/turn               (no ring)

@: no status effects
A: sickness immunity, AC +3, negative energy resistance 1, electricity
resistance, torment resistance 1, petrification resistance
a: no special abilities


You were on level 3 of the Dungeon.
You visited 1 branch of the dungeon, and saw 3 of its levels.

You collected 143 gold pieces.

Inventory:

Hand Weapons
 k - a +1 vorpal spear (weapon)
 n - a +0 hunting sling
 q - a +0 quarterstaff
Missiles
 a - 83 stones
 j - 5 boomerangs
Armour
 b - a +0 robe (worn)
 f - a +0 kite shield
Jewellery
 d - a +4 ring of evasion
Scrolls
 e - a scroll of noise {unknown}
 g - 9 scrolls of identify {unknown}
 i - 2 scrolls of enchant weapon {unknown}
 l - a scroll of fog {unknown}
 m - 2 scrolls of immolation {unknown}
 o - a scroll of teleportation {unknown}
 r - a scroll of magic mapping {unknown}
Potions
 c - a potion of magic
 h - 3 potions of mutation {unknown}
 p - a potion of attraction {unknown}


   Skills:
 * Level 1.2 Fighting
 + Level 0.1 Polearms
 - Level 1.5 Dodging
 - Level 2.1 Stealth
 * Level 2.8 Spellcasting
 * Level 1.1 Transmutations
 * Level 4.8 Earth Magic


You had 7 spell levels left.
You knew the following spells:

 Your Spells              Type           Power      Damage    Failure   Level
a - Sandblast             Erth           36%        2d10      2%          1

Your spell library contained the following spells:

 Spells                   Type           Power      Damage    Failure   Level
 Passwall                 Tmut/Erth      10%        N/A       9%          2
 Stone Arrow              Conj/Erth      20%        3d8       21%         3
 Petrify                  Tmut/Erth      12%        N/A       47%         4


Dungeon Overview and Level Annotations

Branches:
Dungeon (3/15)

Altars:


Innate Abilities, Weirdness & Mutations

You are immune to sickness and miasma.
Your stone body is resilient. (AC +3)
You are immune to poison.
You resist negative energy. (rN+)
You are resistant to electric shocks. (rElec)
You are resistant to unholy torment.
You are immune to petrification.


Message History

g - 9 scrolls labelled BIYMACEDUJ (gained 1)
You see here a scroll labelled RYUFEBA KUICOLURO.
m - 2 scrolls labelled RYUFEBA KUICOLURO (gained 1)
Casting: Sandblast (safe; 2% risk of failure)
Confirm with . or Enter, or press ? or * to list all spells.
Okay, then.
Unknown command.
Aiming: Sandblast (safe; 2% risk of failure)
Press: ? - help, Q - select action, (/) - cycle Shift-Dir - straight line, f - giant cockroach
Aim: a giant cockroach (asleep, 100% to hit)
The blast of sand hits the giant cockroach.
You kill the giant cockroach!
You start resting.
Magic restored.
You open the door.
An ogre comes into view. It is wielding a +0 giant club.
Found a book of Frost.
Found an escape hatch in the floor.
Press: ? - help, v - describe, . - travel The floor.
There is an open door here.
Aiming: Sandblast (safe; 2% risk of failure)
Press: ? - help, Q - select action, (/) - cycle Shift-Dir - straight line, f - you
Okay, then.
The ogre shouts!
Aiming: Sandblast (safe; 2% risk of failure)
Press: ? - help, Q - select action, (/) - cycle Shift-Dir - straight line, f - ogre
Aim: an ogre, wielding a +0 giant club (90% to hit)
The blast of sand hits the ogre.
The ogre is moderately wounded.
There is an open door here.
The ogre attacks as you move away! The ogre hits you with a +0 giant club!
Ouch! That really hurt!
Aiming: Sandblast (safe; 2% risk of failure)
Press: ? - help, Q - select action, (/) - cycle Shift-Dir - straight line, f/p - ogre
Aim: an ogre, wielding a +0 giant club (moderately wounded, 90% to hit)
The blast of sand hits the ogre!
The ogre is heavily wounded.
The ogre hits you with a +0 giant club!
Ouch! That really hurt!
You die...

#........># ..
+...:.....+ #>
#.........# #.......#
#.....# ##...## ##'##
#O# #@# ##.##
######...#####
#............##
##.............##
................#####
#...................
#..............#####
#.####..#.....##


You could see an ogre.

Vanquished Creatures
  3 adders
  A dart slug (D:2)
  An orc (D:3)
  3 ball pythons
  3 bats
  5 endoplasms
  4 giant cockroaches
  4 goblins
  3 hobgoblins
  3 quokkas (D:2)
  2 kobolds
  3 rats
35 creatures vanquished.

Notes
Turn   | Place    | Note
-------+----------+-------------------------------------------
     0 | D:1      | jimonade the Gargoyle Earth Elementalist began the quest
                  | for the Orb.
     0 | D:1      | Reached XP level 1. HP: 10/10 MP: 3/3
    50 | D:1      | Found a faded altar of an unknown god.
   241 | D:1      | Reached skill level 4 in Earth Magic
   241 | D:1      | Reached XP level 2. HP: 15/15 MP: 0/5
  1099 | D:1      | Reached skill level 1 in Transmutations
  1359 | D:2      | Reached XP level 3. HP: 20/20 MP: 4/6
  1991 | D:3      | Reached skill level 1 in Fighting
  2311 | D:3      | Reached XP level 4. HP: 25/25 MP: 5/8
  2674 | D:3      | Noticed an ogre
  2683 | D:3      | Slain by an ogre

Illustrated notes

Levels and vault maps discovered:
D:1:      scummos_arrival_simple_fountains, layout_basic,
          shapermc_ecumenical_altar_acropolis
D:2:      layout_basic
D:3:      layout_loops_corners, serial_shops, nicolae_shop_trees, corexii_shack

Skill      XL: |  1  2  3 |
---------------+----------+-----
Earth Magic    | 4 |  4.8
Transmutations | 1 |  1.1
Fighting       | 1 |  1.2
Polearms       | |  0.1
Dodging        | |  1.5
Stealth        | |  2.1
Spellcasting   | |  2.8

Action                   |  1- 3 |  4- 6 || total
-------------------------+-------+-------++-------
Melee: Unarmed           |    21 |       ||    21
       Spear             |    21 |       ||    21
 Cast: Sandblast         |    41 |     8 ||    49
Armor: Robe              |    17 |       ||    17
Dodge: Dodged            |    35 |     1 ||    36

Table legend: (Time is in decaauts)
 A = Elapsed time spent in this place.
 B = Non-inter-level travel time spent in this place.
 C = Inter-level travel time spent in this place.
 D = Time resting spent in this place.
 E = Time spent auto-exploring this place.
 F = Levels seen in this place.
 G = Mean time per level.
                   A        B        C        D        E       F      G
               +--------+--------+--------+--------+--------+-----+--------+
         Total |   2684 |   2631 |     53 |    777 |   1300 |   3 |  894.7 |
       Dungeon |   2684 |   2631 |     53 |    777 |   1300 |   3 |  894.7 |
               +--------+--------+--------+--------+--------+-----+--------+

Top non-repeatable levels by time:
     D:1: 1151 daAuts
     D:3: 780 daAuts
     D:2: 752 daAuts
